 Dungeon Crawl Stone Soup version 0.30-a0-54-g2e61a25929 (webtiles) character file.

Game seed: 2860104378421859356

3789 Hiirokazu the Slicer (level 9, -4/79 HPs)
             Began as a Minotaur Fighter on Sept 8, 2022.
             Was a Priest of Trog.
             Slain by a komodo dragon (19 damage)
             ... on level 1 of the Lair of Beasts.
             The game lasted 01:07:38 (9324 turns).

Hiirokazu the Slicer (Minotaur Fighter)             Turns: 9324, Time: 01:07:39

Health: -4/79      AC: 20    Str: 30      XL:     9   Next: 95%
Magic:  8/8        EV:  8    Int:  4 (5)  God:    Trog [***...]
Gold:   398        SH:  5    Dex: 11      Spells: 7/8 levels left

rFire   . . .      SeeInvis .    a - +1 rapier
rCold   . . .      Faith    .    c - +0 buckler
rNeg    . . .      Spirit   .    H - +2 plate armour
rPois   .          Reflect  .    (helmet restricted)
rElec   .          Harm     .    (no cloak)
rCorr   .          Rampage  .    (no gloves)
Will    .....                    (no boots)
Stlth   ..........               (no amulet)
HPRegen 0.23/turn                D - +4 ring of protection
MPRegen 0.11/turn                F - +6 ring of strength

@: no status effects
A: horns 2, retaliatory headbutt
a: Renounce Religion, Berserk, Trog's Hand


You were on level 1 of the Lair of Beasts.
You worshipped Trog.
Trog was most pleased with you.
You visited 3 branches of the dungeon, and saw 10 of its levels.
You also visited: Sewer.

You collected 398 gold pieces.

Inventory:

Hand Weapons
 a - a +1 rapier (weapon)
 b - a +2 vorpal sling
 t - a +0 arbalest
 w - the +0 whip "Emmurphu" {freeze, *Noise rF+ Dex+5}
   (You found it on level 5 of the Dungeon)

   It freezes those it strikes, dealing additional cold damage.
   It can also slow down cold-blooded creatures.
   Dex:       It affects your dexterity (+5).
   rF:        It protects you from fire.
   *Noise:    It may make noises in combat.
 G - a +3 dire flail of holy wrath
Missiles
 r - 57 stones (quivered)
 y - 14 poisoned darts
Armour
 c - a +0 buckler (worn)
 H - a +2 plate armour (worn)
Jewellery
 j - a +4 ring of slaying
 D - a +4 ring of protection (left hand)
 F - a +6 ring of strength (right hand)
Wands
 o - a wand of charming (22)
 v - a wand of flame (48)
 B - a wand of mindburst (16)
 I - a wand of roots (13)
Scrolls
 e - 2 scrolls of torment
 g - 4 scrolls of teleportation
 k - 2 scrolls of fear
 l - 2 scrolls of vulnerability
 m - 4 scrolls of amnesia
 u - 4 scrolls of noise
 E - a scroll of brand weapon {unknown}
 J - a scroll of immolation {unknown}
Potions
 d - 2 potions of might
 f - a potion of berserk rage {unknown}
 n - 2 potions of invisibility {unknown}
 p - a potion of haste {unknown}
 q - a potion of experience {unknown}
 s - a potion of lignification {unknown}
 x - 2 potions of mutation
 z - a potion of resistance {unknown}
 A - 2 potions of degeneration
 C - 3 potions of flight
Miscellaneous
 i - a tin of tremorstones (2/2)


   Skills:
 + Level 7.3 Fighting
 * Level 11.0 Short Blades
 - Level 0.7 Ranged Weapons
 + Level 9.3 Armour
 + Level 2.7 Dodging
 - Level 1.0 Stealth
 + Level 6.0 Shields


You had 7 spell levels left.
You knew the following spells:

 Your Spells              Type           Power      Damage    Failure   Level
a - Summon Small Mammal   Summ           0%         N/A       99%         1

Your spell library contained the following spells:

 Spells                   Type           Power      Damage    Failure   Level
 Apportation              Tloc           0%         N/A       99%         1
 Magic Dart               Conj           0%         1d3       99%         1
 Necrotise                Necr           0%         1d4       99%         1
 Blink                    Tloc           0%         N/A       100%        2
 Ensorcelled Hibernation  Hex/Ice        0%         N/A       100%        2
 Passwall                 Tmut/Erth      0%         N/A       100%        2
 Searing Ray              Conj           0%         2d4       100%        2
 Swiftness                Air            0%         N/A       100%        3
 Fulminant Prism          Conj/Hex       0%         3d6       100%        4
 Manifold Assault         Tloc           0%         N/A       100%        5
 Storm Form               Tmut/Air       0%         N/A       100%        7


Dungeon Overview and Level Annotations

Branches:
Dungeon (8/15)             Temple (1/1) D:7            Lair (1/5) D:8
  Sewer (visited)

Altars:
Ashenzari
Cheibriados
Elyvilon
Fedhas
Gozag
Hepliaklqana
Kikubaaqudgha
Makhleb
Nemelex Xobeh
Okawaru
Qazlal
Ru
Sif Muna
Trog
Vehumet
Wu Jian
Xom
Yredelemnul
The Shining One


Innate Abilities, Weirdness & Mutations

You have a pair of horns on your head.
You reflexively headbutt those who attack you in melee.


Message History

The komodo dragon is lightly wounded.
The komodo dragon bites you but does no damage.
You hit the komodo dragon but do no damage.
You headbutt the komodo dragon!
The komodo dragon is moderately wounded.
You hit the komodo dragon but do no damage.
The komodo dragon is moderately wounded.
The komodo dragon bites you!
You closely miss the komodo dragon.
The komodo dragon is moderately wounded.
The komodo dragon barely misses you.
You puncture the komodo dragon! Your headbutt misses the komodo dragon.
The komodo dragon is heavily wounded.
You hit the komodo dragon but do no damage.
Your headbutt misses the komodo dragon.
The komodo dragon is heavily wounded.
The komodo dragon bites you but does no damage.
You hit the komodo dragon.
The komodo dragon is heavily wounded.
You puncture the komodo dragon!
The komodo dragon is severely wounded.
The komodo dragon bites you!
* * * LOW HITPOINT WARNING * * *
You hit the komodo dragon but do no damage.
You headbutt the komodo dragon, but do no damage.
The komodo dragon is severely wounded.
The komodo dragon barely misses you.
You hit the komodo dragon but do no damage.
The komodo dragon is severely wounded.
You hit the komodo dragon but do no damage.
You headbutt the komodo dragon, but do no damage.
The komodo dragon is severely wounded.
The komodo dragon bites you!
* * * LOW HITPOINT WARNING * * *
You feel much better. The komodo dragon bites you!
* * * LOW HITPOINT WARNING * * *
You puncture the komodo dragon! Your headbutt misses the komodo dragon.
The komodo dragon is almost dead.
The komodo dragon bites you!!
You die...

#..... #..... #..... #.....
. #..... ... ## ###
#####.....
....#.#####.###.#.#.....
........................
......l@................
........................
........................
..............).........
##..........................
...........#########.......
##.......#### ###.....
P......# #..... #......#
#.....


You could see a komodo dragon.

Vanquished Creatures
  Joseph (D:7)
  A black mamba (Lair:1)
  A steam dragon (D:6)
  A basilisk (Lair:1)
  Edmund (D:6)
  2 water moccasins
  2 orc warriors (D:6)
  2 black bears
  4 ogres
  A phantom (D:6)
  4 bullfrogs
  A necrophage (D:6)
  A gnoll sergeant (D:7)
  3 scorpions
  5 howler monkeys
  A crimson imp (D:7)
  3 hounds
  4 jellies
  3 orc priests
  Ijyb (D:4)
  5 iguanas
  6 orc wizards
  3 gnolls (D:7)
  6 river rats
  19 adders
  A shadow imp (D:5)
  A white imp (D:8)
  2 ufetubi
  2 worms
  3 dart slugs
  20 orcs
  3 bats
  7 endoplasms
  3 giant cockroaches
  7 goblins
  7 hobgoblins
  2 jackals (D:1)
  3 kobolds (D:1)
  6 quokkas
  15 ball pythons
  4 frilled lizards
  36 rats
203 creatures vanquished.

Vanquished Creatures (others)
  An orc (D:6)
  A fungus (D:8)
2 creatures vanquished.

Grand Total: 205 creatures vanquished

Notes
Turn   | Place    | Note
-------+----------+-------------------------------------------
     0 | D:1      | Hiirokazu the Minotaur Fighter began the quest for the Orb.
     0 | D:1      | Reached XP level 1. HP: 19/19 MP: 0/0
   430 | D:1      | Reached XP level 2. HP: 27/27 MP: 1/1
  1379 | D:2      | Reached XP level 3. HP: 34/34 MP: 2/2
  1425 | D:2      | Reached skill level 3 in Short Blades
  1442 | D:2      | Learned a level 1 spell: Summon Small Mammal
  1725 | D:2      | Reached XP level 4. HP: 41/41 MP: 3/3
  2038 | D:3      | Reached skill level 1 in Dodging
  2140 | D:3      | Found a shimmering blue altar of Sif Muna.
  2366 | D:3      | Found a faded altar of an unknown god.
  2709 | D:4      | Reached skill level 4 in Short Blades
  2709 | D:4      | Reached XP level 5. HP: 28/47 MP: 4/4
  2988 | D:4      | Noticed a water moccasin
  3001 | D:4      | Killed a water moccasin
  3002 | D:4      | Reached skill level 5 in Short Blades
  3002 | D:4      | Reached skill level 5 in Armour
  3002 | D:4      | Reached XP level 6. HP: 16/53 MP: 5/5
  3264 | D:4      | Noticed Ijyb
  3280 | D:4      | Killed Ijyb
  3857 | D:5      | Entered Level 5 of the Dungeon
  3867 | D:5      | Found a bloodstained altar of Trog.
  3876 | D:5      | Became a worshipper of Trog the Wrathful
  4018 | D:5      | Identified the +0 whip "Emmurphu" {freeze, *Noise rF+
                  | Dex+5}
  4063 | D:5      | Reached skill level 6 in Short Blades
  4063 | D:5      | Reached XP level 7. HP: 50/60 MP: 6/6
  4396 | D:5      | Reached skill level 5 in Fighting
  4868 | D:6      | Noticed a steam dragon
  4872 | D:6      | Reached skill level 7 in Short Blades
  4884 | D:6      | Killed a steam dragon
  4885 | D:6      | Reached XP level 8. HP: 21/68 MP: 7/7
  5128 | D:6      | Found a glowing drain.
  5176 | Sewer    | Entered a sewer
  5212 | Sewer    | Reached * piety under Trog
  5346 | Sewer    | Reached skill level 1 in Stealth
  5524 | Sewer    | Reached ** piety under Trog
  5612 | Sewer    | Reached skill level 5 in Shields
  5892 | D:6      | Reached skill level 8 in Short Blades
  6082 | D:6      | Noticed Edmund
  6106 | D:6      | Killed Edmund
  6125 | D:6      | Reached skill level 9 in Short Blades
  6160 | D:6      | Reached XP level 9. HP: 40/75 MP: 8/8
  6878 | D:7      | Found a burning altar of Makhleb.
  6878 | D:7      | Found a radiant altar of Vehumet.
  6993 | D:7      | Found a sacrificial altar of Ru.
  7032 | D:7      | Found a blossoming altar of Fedhas.
  7200 | D:7      | Noticed Joseph
  7227 | D:7      | Killed Joseph
  7228 | D:7      | Reached skill level 10 in Short Blades
  7481 | D:7      | Reached *** piety under Trog
  7961 | D:7      | Found a staircase to the Ecumenical Temple.
  8346 | Temple   | Entered the Ecumenical Temple
  8793 | D:8      | Found a staircase to the Lair.
  8814 | Lair:1   | Entered Level 1 of the Lair of Beasts
  9029 | Lair:1   | Noticed a black mamba
  9054 | Lair:1   | Killed a black mamba
  9055 | Lair:1   | Reached skill level 11 in Short Blades
  9307 | Lair:1   | Noticed a komodo dragon
  9322 | Lair:1   | HP: 3/79 [komodo dragon (15)]
  9324 | Lair:1   | Slain by a komodo dragon

Illustrated notes

Levels and vault maps discovered:
D:1:      nagdon_arrival_double_spiral, layout_basic
D:2:      layout_rooms, kennysheep_generic_room_3
D:3:      layout_basic, mainiacjoe_overflow_alcove_2,
          hellmonk_ecumenical_altar_arch_garden, hex_tiny
D:4:      layout_basic, uniq_ijyb
D:5:      layout_loops_ring, nicolae_overflow_crystal_walls,
          grunt_ministairs_10, skrybe_limestone_x
D:6:      layout_basic, gup_sewer_entry_bubbles, uniq_edmund
D:7:      layout_loops_ring, grunt_temple_overflow_lords_of_destruction,
          fedhas_altar_fruit_tree, nicolae_ru_sacrificial_ziggurat,
          minmay_temple_entry_drinking_statues, uniq_joseph
D:8:      layout_loops_cross, dpeg_oklobed_lair, enter_bailey_2
Temple:   nicolae_temple_bog_church
Lair:1:   layout_big_grid, serial_bayou_shore_b

Skill      XL: |  1  2  3  4  5  6  7  8  9 |
---------------+----------------------------+-----
Fighting       | 4 5 6 7 |  7.3
Short Blades   | 3 4 5 6 7 9 11 | 11.0
Armour         | 4 5 6 7 9 |  9.3
Shields        | 4 5 6 |  6.0
Dodging        | 1 2 |  2.7
Stealth        | 1 |  1.0
Ranged Weapons | |  0.7

Action                   |  1- 3 |  4- 6 |  7- 9 || total
-------------------------+-------+-------+-------++-------
Melee: Rapier            |    83 |   105 |   506 ||   694
       Headbutt          |    12 |    21 |    80 ||   113
 Fire: Sling             |       |     3 |       ||     3
Evoke: Wand              |       |       |     4 ||     4
  Use: Scroll            |     4 |     8 |     6 ||    18
       Potion            |       |     1 |    14 ||    15
Armor: Scale mail        |    32 |    10 |       ||    42
       Chain mail        |       |    38 |   196 ||   234
       Plate armour      |       |       |   105 ||   105
Dodge: Dodged            |    33 |    28 |   174 ||   235
Block: Buckler           |    14 |    15 |   126 ||   155

Table legend: (Time is in decaauts)
 A = Elapsed time spent in this place.
 B = Non-inter-level travel time spent in this place.
 C = Inter-level travel time spent in this place.
 D = Time resting spent in this place.
 E = Time spent auto-exploring this place.
 F = Levels seen in this place.
 G = Mean time per level.
                   A        B        C        D        E       F      G
               +--------+--------+--------+--------+--------+-----+--------+
         Total |   9324 |   9172 |    152 |   2238 |   2244 |  11 |  847.6 |
       Dungeon |   8146 |   7997 |    149 |   1895 |   2156 |   8 | 1018.2 |
        Temple |    180 |    177 |      3 |      0 |     81 |   1 |  180.0 |
          Lair |    487 |    487 |      0 |    203 |      7 |   1 |  487.0 |
         Sewer |    509 |    509 |      0 |    140 |      0 |   1 |  509.0 |
               +--------+--------+--------+--------+--------+-----+--------+

Top non-repeatable levels by time:
     D:6: 1587 daAuts
     D:7: 1571 daAuts
     D:1: 1428 daAuts
     D:4: 1158 daAuts
     D:5: 887 daAuts
     D:3: 692 daAuts
     D:2: 591 daAuts
   Sewer: 509 daAuts
  Lair:1: 487 daAuts
     D:8: 231 daAuts
  Temple: 180 daAuts
